 Dungeon Crawl Stone Soup version 0.21.1-1-g345015fe64 (webtiles) character file.

91934 DwarfAlpaca the Eclecticist (level 15, -4/125 HPs)
             Began as a Mummy Wizard on May 8, 2018.
             Was an Initiate of Gozag.
             Killed from afar by a rakshasa (illusionary) (27 damage)
             ... with an orb of energy
             ... on level 14 of the Dungeon on May 10, 2018.
             The game lasted 03:02:40 (63137 turns).

DwarfAlpaca the Eclecticist (Mummy Wizard)         Turns: 63137, Time: 03:02:40

Health: -4/125     AC: 10    Str: 15    XL:     15   Next: 56%
Magic:  1/44       EV: 12    Int: 23    God:    Gozag
Gold:   5845       SH:  0    Dex: 11    Spells: 6/47 levels left

rFire    + . .     SeeInvis .   g - +4 hunting sling (flame)
rCold    + + +     Gourm    .   (no shield)
rNeg     + + +     Faith    .   J - +2 robe {rC+ rF+}
rPois    ∞         Spirit   .   K - +1 helmet
rElec    .         Reflect  .   F - +2 cloak {rC+}
rCorr    .         Harm     .   z - +0 pair of gloves
MR       ++...                  (no boots)
Stlth    +++.......             E - amulet of Udetrur {RegenMP Str+4}
HPRegen  0.30/turn              j - ring of Neweqab {rF+ MR+ Stlth+}
MPRegen  0.54/turn              s - ring of magical power

@: deflect missiles
A: no food or potions, fire vulnerability, cold resistance 1, negative energy
resistance 3, torment resistance, unbreathing, in touch with death 1
a: Potion Petition, Call Merchant, Bribe Branch, Renounce Religion


You were on level 14 of the Dungeon.
You worshipped Gozag.
Gozag was greatly pleased with you.
You were not hungry.

You visited 4 branches of the dungeon, and saw 24 of its levels.
You also visited: Ice Cave and Volcano.

You collected 9166 gold pieces.
You spent 2518 gold pieces at shops.
You paid 803 gold pieces to Gozag.

Inventory:

Hand Weapons
 g - a +4 hunting sling of flaming (weapon)
Missiles
 n - 430 stones (quivered)
 o - 147 sling bullets
Armour
 z - a +0 pair of gloves (worn)
 F - a +2 cloak of cold resistance (worn)
 J - a +2 robe of resistance (worn)
 K - a +1 helmet (worn)
Magical Staves
 y - an uncursed staff of energy
Jewellery
 j - the ring of Neweqab (left hand) {rF+ MR+ Stlth+}
   (You found it on level 11 of the Dungeon)

   [ring of stealth]

   It protects you from fire.
   It affects your resistance to hostile enchantments.
   It makes you more stealthy.
 q - an uncursed ring of fire {unknown}
 s - a ring of magical power (right hand)
 u - an uncursed ring of wizardry
 E - the amulet of Udetrur (around neck) {RegenMP Str+4}
   (You found it on level 3 of the Lair of Beasts)

   [amulet of magic regeneration]

   It increases your magic regeneration.
   It affects your strength (+4).
 I - an uncursed amulet of guardian spirit {unknown}
Wands
 b - a wand of digging (36)
 c - a wand of paralysis (34)
 p - a wand of enslavement (26)
 t - a wand of random effects (27)
 v - a wand of iceblast (12)
 w - a wand of polymorph (38)
 x - a wand of acid (1)
 A - a wand of flame (87)
Scrolls
 a - a scroll of enchant weapon
 d - a scroll of fog
 e - 8 scrolls of blinking
 f - 16 scrolls of identify
 h - 4 scrolls of enchant armour
 i - 5 scrolls of teleportation
 k - 5 scrolls of fear
 l - 7 scrolls of remove curse
 D - a scroll of holy word {unknown}
 G - 3 scrolls of magic mapping {unknown}
 H - a scroll of immolation
Books
 B - a book of the Sky

   Spells                             Type                      Level
   a - Summon Lightning Spire         Summoning/Air                4
   b - Silence                        Hexes/Air                    5
   c - Deflect Missiles               Charms/Air                   6
   d - Conjure Ball Lightning         Conjuration/Air              6
   e - Tornado                        Air                          9
 C - a book of Enchantments

   Spells                             Type                      Level
   a - Cause Fear                     Hexes                        4
   b - Yara's Violent Unravelling     Hexes/Transmutation          5
   c - Silence                        Hexes/Air                    5
   d - Deflect Missiles               Charms/Air                   6
   e - Discord                        Hexes                        8
Miscellaneous
 m - a crystal ball of energy
 r - a phial of floods


   Skills:
 + Level 13.9 Fighting
 - Level 1.5 Dodging
 - Level 1.5 Stealth
 + Level 16.6 Spellcasting
 - Level 5.0 Conjurations
 - Level 0.7 Summonings
 - Level 0.7 Translocations
 * Level 15.3 Air Magic


You had 6 spell levels left.
You knew the following spells:

 Your Spells              Type           Power        Failure   Level  Hunger
a - Magic Dart            Conj           ####         1%          1    N/A
b - Blink                 Tloc           N/A          3%          2    N/A
c - Call Imp              Summ           ###.....     3%          2    N/A
d - Conjure Flame         Conj/Fire      ####....     3%          3    N/A
e - Mephitic Cloud        Conj/Pois/Air  ######..     1%          3    N/A
f - Conjure Ball Lightni  Conj/Air       ######....   7%          6    N/A
g - Deflect Missiles      Chrm/Air       ######....   19%         6    N/A
h - Apportation           Tloc           ###...       2%          1    N/A
i - Summon Butterflies    Summ           ###.....     2%          1    N/A
j - Summon Lightning Spi  Summ/Air       ######..     1%          4    N/A
k - Sticky Flame          Conj/Fire      ####....     10%         4    N/A
l - Static Discharge      Conj/Air       ######..     1%          3    N/A
m - Lightning Bolt        Conj/Air       ######....   1%          5    N/A

Dungeon Overview and Level Annotations

Branches:
Dungeon (15/15)            Temple (1/1) D:5            Lair (6/6) D:9
  Swamp (0/4) Lair:3       Spider (0/4) Lair:3        Slime (0/5) Lair:6
    Orc (2/2) D:9             Elf (0/3) Orc:2        Vaults (0/5) D:14
 Depths: D:15

Altars:
Ashenzari
Cheibriados
Dithmenos
Elyvilon
Fedhas
Gozag
Hepliaklqana
Kikubaaqudgha
Makhleb
Nemelex Xobeh
Okawaru
Qazlal
Ru
Sif Muna
Trog
Uskayaw
Vehumet
Wu Jian
Xom
Yredelemnul
Zin
The Shining One
Beogh
Jiyva

Shops:
D:8 %:   D:9 [?   D:12 !   Orc:2 :![}

Annotations:
D:14 exclusion: 2 downstairs
Lair:2 2 transporters


Innate Abilities, Weirdness & Mutations

You do not eat or drink.
Your flesh is vulnerable to fire.
You are immune to poison.
Your flesh is cold resistant. (rC+)
You are immune to negative energy. (rN+++)
You are immune to unholy pain and torment.
You can survive without breathing.
You are in touch with the powers of death.


Message History

g - Guard the area. f - Follow me.
Anything else - Cancel.
Gang up on whom?
Press: ? - help, Dir - move target cursor, f - rakshasa
Aim: a rakshasa, wielding a trident and wearing a robe (almost dead) Attack!
Something hits your lightning spire but does no damage.
The rakshasa hits your lightning spire with a trident!
Your lightning spire is destroyed!
The rakshasa blinks!
Casting: Sticky Flame
Confirm with . or Enter, or press ? or * to list all spells.
Aiming: Summon Lightning Spire
Press: ? - help, Dir - move target cursor, p - rakshasa An electric hum fills the air.
The rakshasa blinks!
The rakshasa gestures at you.
The orb of energy hits your lightning spire.
The orb of energy explodes!
The mystic blast hits you!
You die...
Your body crumbles into a pile of gold.

.##..#
#............R($(# #.#
.###.#
#.........§#####§# #.#
.# #.## #........§.#
#.# #.# ## #..#
#......(...# #.# #.#
#####.########(#R###
#.# #.# .........#
#(#.# #.# #.#
######.#.# #.#8# #.#
#.# ..# #.#.# #)#.#
#.# #.# ..####...#
#(#@#######.# #.#
.....!...#
#.#.......#.# #.#
..####...#
#.#######.#.###.#
......[..# #.#
#.#.....# ##....##.##
#.# #.########
#....##..# #(#
#........#
##.....#..## #(#
#######.##
#.###......# #.# #.#
.##
#..#.#.###(###########
#.#


You could see a rakshasa and a friendly lightning spire.

Vanquished Creatures
  3 orc warlords
  An entropy weaver (Lair:4)
  A white draconian (IceCv)
  Snorg (Orc:1)
  3 hydras
  4 vault guards
  A catoblepas (D:14)
  3 centaur warriors
  16 two-headed ogres
  A queen ant (Lair:4)
  3 ogre magi
  Nergalle (Lair:3)
  An unseen horror (D:11)
  A wizard (D:14)
  4 orc knights (Orc:1)
  4 cyclopes
  7 orc sorcerers
  3 manticores
  An elephant (shapeshifter) (D:14)
  2 ugly things
  4 black mambas
  10 elephants
  A centaur zombie (D:14)
  3 ice statues (IceCv)
  2 molten gargoyles (Volcano)
  3 gargoyles
  19 spiny frogs
  A rime drake (Lair:1)
  3 kobold demonologists (D:13)
  2 komodo dragons
  An ice devil (D:13)
  3 tyrant leeches
  5 trolls
  A meliai (D:14)
  5 polar bears (IceCv)
  A queen bee (Lair:3)
  3 slime creatures
  5 hippogriffs
  21 blink frogs
  8 spriggans (Lair:1)
  A shadow (D:11)
  18 yaks
  A wyvern (D:9)
  A hog (Lair:5)
  A basilisk (Lair:4)
  A steam dragon (Lair:3)
  4 wargs
  6 vampire mosquitoes
  22 soldier ants (Lair:4)
  12 water moccasins
  30 orc warriors
  4 porcupines
  A sky beast (D:7)
  An ice beast (D:14)
  A necrophage (D:8)
  A phantom (D:8)
  10 centaurs
  11 ogres
  The ghost of Thargor the Skirmisher, an amateur DsBe of Trog (D:4)
  3 wolves (IceCv)
  6 crocodiles
  5 big kobolds
  Blork the orc (D:5)
  25 bullfrogs
  A gnoll sergeant (D:7)
  A wyvern skeleton (D:14)
  2 scorpions
  40 killer bees
  An electric eel (Lair:6)
  A howler monkey (D:6)
  A jelly (D:14)
  3 quasits
  A crimson imp (D:13)
  A bullfrog zombie (D:8)
  3 lava snakes (Volcano)
  4 hounds
  3 centaur skeletons
  19 orc priests
  38 orc wizards
  A bullfrog skeleton (D:4)
  24 worker ants
  5 hell rats
  A killer bee zombie (D:7)
  A hound skeleton (D:5)
  2 worker ant zombies
  A howler monkey skeleton (D:11)
  4 gnolls
  13 adders
  5 shadow imps
  An ooze (D:2)
  3 worms
  3 dart slugs (D:1)
  9 leopard geckos
  49 orcs
  A ball python (D:3)
  A giant cockroach (D:1)
  6 goblins
  8 hobgoblins
  12 jackals
  5 quokkas
  5 bats
  6 frilled lizards
  A giant cockroach zombie (D:6)
  26 kobolds
  A leopard gecko skeleton (D:4)
  A leopard gecko zombie (D:5)
  3 rats
  A fungus (Lair:6)
  3 plants (Lair:6)
650 creatures vanquished.

Vanquished Creatures (collateral kills)
  Gastronok (D:8)
  Kirke (Lair:6)
  An entropy weaver (Lair:4)
  A hydra (Lair:6)
  A centaur warrior (D:12)
  A catoblepas (Lair:3)
  3 two-headed ogres
  An orc high priest (Orc:1)
  A hell knight (Volcano)
  Sonja (Orc:2)
  5 orc sorcerers (Orc:2)
  An ugly thing (D:12)
  2 manticores
  Maurice (D:10)
  3 elephants
  9 spiny frogs
  A yaktaur (D:13)
  A ball lightning (D:12)
  2 komodo dragons
  An ice devil (D:13)
  A tyrant leech (Lair:6)
  A queen bee (D:7)
  7 polar bears (IceCv)
  2 trolls
  9 blink frogs
  2 hippogriffs
  5 dream sheep (Lair:4)
  A spriggan (Lair:1)
  A shadow (D:13)
  2 fire bats (Volcano)
  14 yaks
  3 hogs (Lair:6)
  4 wargs
  3 soldier ants (Lair:4)
  2 porcupines
  2 ice beasts
  7 orc warriors
  2 black bears
  A phantom (D:10)
  8 wolves (IceCv)
  5 ogres
  2 centaurs (D:10)
  4 crocodiles
  A big kobold (D:13)
  4 bullfrogs
  A wyvern zombie (D:9)
  3 scorpions
  7 killer bees
  A crimson imp (D:10)
  3 lava snakes (Volcano)
  2 orc priests
  10 orc wizards
  An iguana (D:11)
  A worker ant (D:13)
  2 gnolls (D:1)
  A shadow imp (D:8)
  2 leopard geckos
  13 orcs
  A hobgoblin (D:1)
  A jackal (D:10)
  2 kobolds (D:13)
  A fungus (Lair:4)
  5 plants (Lair:6)
188 creatures vanquished.

Vanquished Creatures (others)
  24 ball lightnings
  An orc (Orc:2)
  6 bushes
  25 fungi
  79 plants
135 creatures vanquished.

Grand Total: 973 creatures vanquished

Notes
Turn   | Place    | Note
-------+----------+-------------------------------------------
     0 | D:1      | DwarfAlpaca the Mummy Wizard began the quest for the Orb.
     0 | D:1      | Reached XP level 1. HP: 13/13 MP: 5/5
   386 | D:1      | Reached skill level 1 in Conjurations
   616 | D:1      | Reached XP level 2. HP: 20/20 MP: 4/7
   668 | D:1      | Learned a level 2 spell: Blink
   671 | D:1      | Learned a level 2 spell: Call Imp
   870 | D:1      | Reached skill level 1 in Fighting
  1620 | D:1      | Reached XP level 3. HP: 19/26 MP: 1/9
  2436 | D:1      | Learned a level 3 spell: Conjure Flame
  2440 | D:1      | Learned a level 3 spell: Mephitic Cloud
  2461 | D:1      | Reached XP level 4. HP: 26/33 MP: 4/10
  2693 | D:2      | Found a glowing golden altar of the Shining One.
  2987 | D:2      | Reached skill level 5 in Spellcasting
  3382 | D:3      | Found a shimmering altar of Xom.
  3702 | D:3      | Reached XP level 5. HP: 30/39 MP: 5/12
  3787 | D:3      | Learned a level 2 spell: Slow
  4685 | D:4      | Noticed Thargor's ghost (amateur DsBe)
  4701 | D:4      | Killed Thargor's ghost
  4869 | D:4      | Reached XP level 6. HP: 43/47 MP: 6/14
  5622 | D:5      | Entered Level 5 of the Dungeon
  5730 | D:5      | Noticed Blork the orc
  5764 | D:5      | Killed Blork the orc
  5764 | D:5      | Reached skill level 6 in Spellcasting
  5925 | D:5      | Learned a level 2 spell: Shroud of Golubria
  5967 | D:5      | Found a radiant altar of Vehumet.
  5967 | D:5      | Found an ancient bone altar of Kikubaaqudgha.
  5967 | D:5      | Found a snail-covered altar of Cheibriados.
  5967 | D:5      | Found a deep blue altar of Sif Muna.
  5968 | D:5      | Found an iron altar of Okawaru.
  5968 | D:5      | Found a shadowy altar of Dithmenos.
  5968 | D:5      | Found a basalt altar of Yredelemnul.
  5968 | D:5      | Found a white marble altar of Elyvilon.
  5968 | D:5      | Found a glowing golden altar of the Shining One.
  5968 | D:5      | Found a snail-covered altar of Cheibriados.
  5969 | D:5      | Found a shadowy altar of Dithmenos.
  5971 | D:5      | Found a basalt altar of Yredelemnul.
  6087 | D:5      | Found a staircase to the Ecumenical Temple.
  6092 | Temple   | Entered the Ecumenical Temple
  6449 | D:6      | Found an opulent altar of Gozag.
  6449 | D:6      | Found a sparkling altar of Nemelex Xobeh.
  6455 | D:6      | Became a worshipper of Gozag Ym Sagoz the Greedy
  6517 | D:6      | Reached XP level 7. HP: 35/54 MP: 1/16
  8029 | D:6      | Reached skill level 7 in Spellcasting
  8569 | D:7      | Reached skill level 5 in Fighting
  8965 | D:7      | Reached XP level 8. HP: 62/62 MP: 10/19
  9112 | D:7      | Noticed a hippogriff
  9139 | D:7      | Killed a hippogriff
  9405 | D:7      | Reached skill level 1 in Air Magic
  9498 | D:7      | Learned a level 1 spell: Apportation
  9500 | D:7      | Learned a level 1 spell: Summon Butterflies
  9505 | D:7      | Learned a level 4 spell: Summon Lightning Spire
 10050 | D:7      | Reached skill level 8 in Spellcasting
 10511 | D:8      | Found Osuv Dufo's Food Shop.
 10925 | D:8      | Reached skill level 5 in Conjurations
 11021 | D:8      | Noticed Gastronok
 11224 | D:7      | Reached XP level 9. HP: 58/69 MP: 12/21
 12458 | D:8      | Noticed a queen bee
 12483 | D:7      | Killed a queen bee
 14097 | D:8      | Reached skill level 9 in Spellcasting
 14435 | D:9      | Noticed a two-headed ogre
 14615 | D:9      | Found Terr's Magic Scroll Boutique.
 14769 | D:8      | Reached skill level 5 in Air Magic
 14836 | D:9      | Bought a scroll of fear for 45 gold pieces
 14844 | D:9      | Noticed a two-headed ogre
 15595 | D:9      | Found Pesonede's Armour Shop.
 15780 | D:9      | Noticed a two-headed ogre
 15796 | D:9      | Killed a two-headed ogre
 15802 | D:9      | Killed a two-headed ogre
 15802 | D:9      | Reached skill level 10 in Spellcasting
 15802 | D:9      | Reached XP level 10. HP: 79/79 MP: 24/24
 17109 | D:9      | Found a staircase to the Orcish Mines.
 17312 | D:9      | Found a staircase to the Lair.
 17413 | D:9      | Killed a two-headed ogre
 17641 | D:8      | Killed Gastronok
 17722 | D:10     | Entered Level 10 of the Dungeon
 17944 | D:10     | HP: 2/82 [killer bee (3)]
 18712 | D:10     | Noticed a two-headed ogre
 18719 | D:10     | Killed a two-headed ogre
 18719 | D:10     | Reached skill level 11 in Spellcasting
 18746 | D:10     | Noticed a two-headed ogre
 18756 | D:10     | Killed a two-headed ogre
 18877 | D:10     | Noticed Maurice
 19113 | D:10     | Killed Maurice
 19113 | D:10     | Reached XP level 11. HP: 87/87 MP: 26/26
 19905 | D:10     | Found a glowing golden altar of the Shining One.
 20360 | D:11     | Noticed a cyan ugly thing
 20632 | D:11     | Noticed a five-headed hydra
 20632 | D:11     | Killed a cyan ugly thing
 20640 | D:11     | Killed a five-headed hydra
 21191 | D:11     | Noticed a two-headed ogre
 21204 | D:11     | Killed a two-headed ogre
 22253 | D:11     | Learned a level 4 spell: Sticky Flame
 22330 | D:8      | Bought a book of the Tempests for 980 gold pieces
 22339 | D:8      | Learned a level 3 spell: Static Discharge
 22345 | D:8      | Learned a level 5 spell: Lightning Bolt
 22519 | D:11     | Got a fine ivory ring
 22522 | D:11     | Identified the ring of Neweqab {rF+ MR+ Stlth+} (You found it on level 11 of the Dungeon)
 22671 | D:11     | Noticed an unseen horror
 22674 | D:11     | Killed an unseen horror
 23231 | Lair:1   | Entered Level 1 of the Lair of Beasts
 23701 | Lair:1   | Reached skill level 12 in Spellcasting
 24789 | Lair:1   | Identified a scroll of acquirement
 25050 | Lair:1   | Reached skill level 10 in Air Magic
 25619 | Lair:2   | Reached skill level 10 in Fighting
 25681 | Lair:2   | Found a dark tunnel.
 25719 | Volcano  | Entered a volcano
 27646 | Volcano  | Found a radiant altar of Vehumet.
 27646 | Volcano  | Noticed a two-headed ogre
 27646 | Volcano  | Noticed a two-headed ogre
 27646 | Volcano  | Noticed an ogre mage
 27646 | Volcano  | Noticed a two-headed ogre
 27650 | Volcano  | Killed an ogre mage
 27650 | Volcano  | Reached XP level 12. HP: 97/97 MP: 23/28
 27652 | Volcano  | Killed a two-headed ogre
 27652 | Volcano  | Killed a two-headed ogre
 27653 | Volcano  | Noticed a two-headed ogre
 27662 | Volcano  | Killed a two-headed ogre
 27663 | Volcano  | Killed a two-headed ogre
 28586 | Lair:2   | Found a transporter.
 28985 | Lair:2   | Found a transporter.
 29489 | Lair:3   | Found a hole to the Spider Nest.
 29503 | Lair:3   | Reached skill level 13 in Spellcasting
 29851 | Lair:3   | Noticed Nergalle
 30157 | Lair:3   | Killed Nergalle
 31669 | D:8      | Bought a book of the Sky for 910 gold pieces
 31678 | D:8      | Learned a level 6 spell: Conjure Ball Lightning
 31862 | D:12     | Noticed an ogre mage
 31962 | D:12     | Noticed a two-headed ogre
 32040 | D:12     | Noticed a two-headed ogre
 32236 | D:12     | Noticed a two-headed ogre
 32236 | D:12     | Noticed a two-headed ogre
 32236 | D:12     | Noticed a two-headed ogre
 32238 | D:12     | Noticed a two-headed ogre
 32255 | D:11     | Killed an ogre mage
 32258 | D:11     | Killed a two-headed ogre
 32901 | D:12     | Noticed a two-headed ogre
 33385 | D:11     | Killed a two-headed ogre
 33705 | D:12     | Killed a two-headed ogre
 33713 | D:12     | Killed a two-headed ogre
 33716 | D:12     | Killed a two-headed ogre
 33716 | D:12     | Gained mutation: You are in touch with the powers of death. [Mummy growth]
 33716 | D:12     | Reached XP level 13. HP: 100/106 MP: 20/30
 34250 | D:12     | Found Unaonuenu's Distillery.
 35892 | Lair:3   | Got a sparkling sapphire amulet
 35898 | Lair:3   | Identified the amulet of Udetrur {RegenMP Str+4} (You found it on level 3 of the Lair of Beasts)
 35994 | Lair:3   | Found a staircase to the Swamp.
 36135 | Lair:4   | Reached skill level 14 in Spellcasting
 36847 | D:9      | Bought the +0 robe of the Bard {rF+ rC+ Dex+2 Slay+2} for 583 gold pieces
 37635 | Lair:4   | Noticed an entropy weaver
 38848 | Lair:4   | Noticed an entropy weaver
 38882 | Lair:4   | Killed an entropy weaver
 39030 | Lair:4   | Killed an entropy weaver
 41631 | Lair:6   | Entered Level 6 of the Lair of Beasts
 43208 | Lair:6   | Reached XP level 14. HP: 78/116 MP: 32/32
 44027 | Lair:6   | Reached skill level 15 in Spellcasting
 46094 | Lair:6   | Noticed Kirke
 47385 | Lair:6   | Killed Kirke
 48050 | Lair:6   | Found a viscous altar of Jiyva.
 48050 | Lair:6   | Found a staircase to the Slime Pits.
 48998 | D:13     | Found a frozen archway.
 49064 | IceCv    | Entered an ice cave
 51826 | IceCv    | Got a bone great mace {crush}
 51827 | IceCv    | Identified the +7 great mace of Theory {crush, rPois Str-4 SInv} (You took it off a white draconian in an ice cave)
 52817 | D:13     | Learned a level 6 spell: Deflect Missiles
 52921 | Orc:1    | Entered Level 1 of the Orcish Mines
 52921 | Orc:1    | Noticed an orc warlord
 52956 | D:9      | Killed an orc warlord
 54352 | Orc:1    | Got a steaming quarterstaff
 54354 | Orc:1    | Identified the cursed +0 quarterstaff of Gifanwey {crush, rF- Int+5 SInv Stlth+} (You found it on level 1 of the Orcish Mines)
 54883 | Orc:1    | Reached skill level 16 in Spellcasting
 55047 | Orc:1    | Noticed an orc warlord
 55059 | Orc:1    | Killed an orc warlord
 55059 | Orc:1    | Reached XP level 15. HP: 124/124 MP: 23/35
 55311 | Orc:1    | Found a roughly hewn altar of Beogh.
 55911 | Orc:2    | Entered Level 2 of the Orcish Mines
 56458 | Orc:2    | Noticed Sonja
 56476 | Orc:2    | Killed Sonja
 56716 | Orc:2    | Noticed Snorg
 56864 | Orc:1    | Killed Snorg
 57015 | Orc:2    | Found a staircase to the Elven Halls.
 57453 | Orc:2    | Noticed an orc warlord
 57687 | Orc:2    | Killed an orc warlord
 58699 | Orc:2    | Found Kufeomp's Book Shoppe.
 58984 | Orc:2    | Found a radiant altar of Vehumet.
 59259 | Orc:2    | Found an ancient bone altar of Kikubaaqudgha.
 59391 | Orc:2    | Found a roughly hewn altar of Beogh.
 59391 | Orc:2    | Found Irocomon's Antique Armour Shoppe.
 59392 | Orc:2    | Found Zatin Nui's Distillery.
 59418 | Orc:2    | Found Qeepneisk's Gadget Shoppe.
 60099 | D:14     | Reached skill level 15 in Air Magic
 60588 | D:14     | Found a gate to the Vaults.
 62503 | D:15     | Entered Level 15 of the Dungeon
 63137 | D:14     | Killed from afar by a rakshasa (illusionary)

Skill      XL: |  1  2  3  4  5  6  7  8  9 10 11 12 13 14 15 |
---------------+----------------------------------------------+-----
Conjurations   | 1 2 3 4 5 |  5.0
Fighting       | 1 2 3 4 5 6 7 8 10 11 12 13 | 13.9
Spellcasting   | 5 6 7 8 10 11 12 13 14 16 | 16.6
Air Magic      | 3 6 8 10 11 13 14 15 | 15.3
Dodging        | |  1.5
Stealth        | |  1.5
Summonings     | |  0.7
Translocations | |  0.7

Action                   |  1- 3 |  4- 6 |  7- 9 | 10-12 | 13-15 || total
-------------------------+-------+-------+-------+-------+-------++-------
Melee: Club              |     5 |       |       |       |       ||     5
       Unarmed           |     2 |       |       |       |       ||     2
       Short sword       |    27 |       |       |       |       ||    27
       Dagger            |     8 |    83 |       |       |       ||    91
       Scimitar          |       |    18 |    14 |       |       ||    32
       Hunting sling     |       |       |       |     1 |     1 ||     2
 Fire: Hunting sling     |       |       |   215 |   346 |   715 ||  1276
 Cast: Magic Dart        |    75 |   106 |   110 |    62 |    41 ||   394
       Call Imp          |     4 |    16 |    26 |     5 |       ||    51
       Slow              |       |     3 |       |       |       ||     3
       Shroud of Golubri |       |     2 |       |     2 |       ||     4
       Mephitic Cloud    |       |     1 |    22 |    40 |     9 ||    72
       Conjure Flame     |       |       |    12 |     2 |     1 ||    15
       Summon Lightning  |       |       |    27 |    95 |   131 ||   253
       Sticky Flame      |       |       |       |    46 |   177 ||   223
       Lightning Bolt    |       |       |       |    20 |   230 ||   250
       Static Discharge  |       |       |       |    19 |    39 ||    58
       Blink             |       |       |       |     4 |     4 ||     8
       Conjure Ball Ligh |       |       |       |     3 |    11 ||    14
       Summon Butterflie |       |       |       |     2 |       ||     2
       Deflect Missiles  |       |       |       |       |     8 ||     8
Invok: Call Merchant     |       |       |     1 |       |       ||     1
       Potion Petition   |       |       |       |     1 |       ||     1
Evoke: Wand              |       |       |     1 |    14 |     1 ||    16
  Use: Scroll            |       |     1 |     3 |     9 |     7 ||    20
 Stab: Sleeping          |     1 |     2 |       |       |       ||     3
Armor: Robe              |     9 |    27 |    58 |    54 |   125 ||   273
Dodge: Dodged            |    50 |   100 |   209 |   227 |   431 ||  1017
       Deflected         |       |       |       |       |    31 ||    31
       Rpst.: Scimitar   |       |     7 |     2 |       |       ||     9
